 Dungeon Crawl Stone Soup version 0.23.0-38-g208d714 (webtiles) character file.

Game seed: 0

376 Lanoc the Conjurer (level 6, -1/47 HPs)
             Began as a Draconian Conjurer on Feb 27, 2019.
             Slain by Pikel
             ... wielding a +0 whip of electrocution
              (4 damage)
             ... on level 4 of the Dungeon.
             The game lasted 00:11:15 (3912 turns).

Lanoc the Conjurer (Draconian Conjurer)             Turns: 3912, Time: 00:11:16

Health: -1/47      AC:  6    Str: 10    XL:     6   Next: 44%
Magic:  2/10       EV: 12    Int: 18    God:
Gold:   146        SH:  0    Dex: 11    Spells: 4/11 levels left

rFire    . . .     SeeInvis .   c - +5 spear
rCold    . . .     Gourm    +   (no shield)
rNeg     . . .     Faith    .   (armour unavailable)
rPois    .         Spirit   .   (helmet restricted)
rElec    .         Reflect  .   g - scarf {cloud immunity}
rCorr    .         Harm     .   (no gloves)
MR       .....                  (no boots)
Stlth    ++........             a - amulet of the gourmand
HPRegen  0.15/turn              (no ring)
MPRegen  0.12/turn              (no ring)

@: no status effects
A: unfitting armour, cold-blooded, AC +6
a: no special abilities


You were on level 4 of the Dungeon.
You were very full.

You visited 1 branch of the dungeon, and saw 4 of its levels.

You collected 146 gold pieces.

Inventory:

Hand Weapons
 c - a +5 spear (weapon)
Armour
 g - a scarf of cloud immunity (worn)
Jewellery
 a - an amulet of the gourmand (around neck)
 h - an uncursed amulet of guardian spirit {unknown}
Scrolls
 d - 4 scrolls of identify {unknown}
 e - 2 scrolls of teleportation {unknown}
 i - 2 scrolls of enchant armour {unknown}
 j - a scroll of enchant weapon {unknown}
 l - a scroll of random uselessness {unknown}
 n - a scroll of remove curse {unknown}
Potions
 f - 2 potions of flight
 k - a potion of degeneration {unknown}
 m - a potion of might {unknown}
Comestibles
 b - 10 rations
 o - 5 chunks of flesh


   Skills:
 + Level 1.5 Fighting
 + Level 2.6 Polearms
 + Level 2.6 Dodging
 + Level 2.9 Stealth
 + Level 3.2 Spellcasting
 * Level 5.3 Conjurations


You had 4 spell levels left.
You knew the following spells:

 Your Spells              Type           Power        Failure   Level  Hunger
a - Magic Dart            Conj           ###.         1%          1    None
b - Searing Ray           Conj           ###...       2%          2    ##.....
c - Iskenderun's Mystic   Conj           ###.....     17%         4    ####...

Your spell library contained the following spells:

 Spells                   Type           Power        Failure   Level  Hunger
 Dazzling Spray           Conj/Hex       ##....       16%         3    ###....
 Force Lance              Conj/Tloc      ##......     45%         4    ####...
 Fulminant Prism          Conj/Hex       ##........   45%         4    ####...


Dungeon Overview and Level Annotations

Branches:
Dungeon (4/15)
 Temple: D:4-7

Altars:
Elyvilon
Makhleb
The Shining One

Shops:
D:4 =

Annotations:
D:4 Pikel


Innate Abilities, Weirdness & Mutations

Your plain brown scales are hard. (AC +6)
You cannot fit into any form of body armour.
You are cold-blooded and may be slowed by cold attacks.


Message History

The searing ray hits Pikel!
Pikel is severely wounded.
The searing ray hits the slave!
The slave is heavily wounded.
You finish channeling your searing ray.
Pikel barely misses you.
You hit Pikel but do no damage.
Pikel is severely wounded.
Pikel hits you with a +0 whip of electrocution.
You are electrocuted!!
* * * LOW HITPOINT WARNING * * *
Things that are here:
a +0 shortbow; 19 arrows
Things that are here:
a +0 club; a +0 animal skin; a +2 helmet You see here a hobgoblin skeleton.
The goblin shouts!
You hit the goblin.
You kill the goblin!
Pikel hits you with a +0 whip of electrocution.
You die...

... #...# #.#
##)## #.# #)#
####<##########.#
#.........#.p.pp#
#.#..#.##.#p#####
# #..#.##)#)#
#....##)#K#
#.##.)).@.#
#.#.##.##.###
#.........#
###########


You could see Pikel and 2 slaves.

Vanquished Creatures
  A slave (D:4)
  A centaur (D:4)
  3 orc priests
  A centaur skeleton (D:4)
  A worker ant (D:4)
  Robin (D:4)
  6 gnolls
  3 adders
  An ooze (D:3)
  A leopard gecko (D:1)
  6 orcs
  A bat (D:1)
  A giant cockroach (D:4)
  13 goblins
  7 hobgoblins
  7 kobolds (D:1)
  A frilled lizard (D:4)
  4 rats
59 creatures vanquished.

Notes
Turn   | Place    | Note
-------+----------+-------------------------------------------
     0 | D:1      | Lanoc the Draconian Conjurer began the quest for the Orb.
     0 | D:1      | Reached XP level 1. HP: 14/14 MP: 3/3
    97 | D:1      | Reached XP level 2. HP: 9/20 MP: 3/5
   678 | D:1      | Reached XP level 3. HP: 21/26 MP: 6/6
  1085 | D:2      | Reached skill level 1 in Polearms
  1092 | D:2      | Learned a level 2 spell: Searing Ray
  1725 | D:3      | Found a white marble altar of Elyvilon.
  2032 | D:3      | Found a glowing golden altar of the Shining One.
  2074 | D:3      | Reached XP level 4. HP: 33/33 MP: 5/7
  2234 | D:3      | Reached skill level 5 in Conjurations
  2275 | D:3      | Reached XP level 5. HP: 39/39 MP: 9/9
  2715 | D:3      | Found a burning altar of Makhleb.
  3138 | D:4      | Reached skill level 1 in Fighting
  3214 | D:4      | Reached XP level 6. HP: 43/47 MP: 1/10
  3230 | D:4      | Found Itofefom's Jewellery Shoppe.
  3259 | D:4      | Noticed a slave
  3269 | D:4      | Learned a level 4 spell: Iskenderun's Mystic Blast
  3269 | D:4      | Noticed Pikel
  3269 | D:4      | Noticed a slave
  3269 | D:4      | Noticed a slave
  3269 | D:4      | Noticed a slave
  3286 | D:4      | Killed a slave
  3288 | D:4      | HP: 2/47 [Pikel/+0 whip of electrocution (18)]
  3312 | D:4      | Noticed Robin
  3319 | D:4      | HP: 1/47 [goblin/+0 club[Robin] (5)]
  3738 | D:4      | Killed Robin
  3907 | D:4      | HP: 2/47 [Pikel/+0 whip of electrocution (20)]
  3912 | D:4      | Slain by Pikel

Skill      XL: |  1  2  3  4  5 |
---------------+----------------+-----
Dodging        | 2 |  2.6
Polearms       | 1 2 |  2.6
Stealth        | 2 |  2.9
Conjurations   | 5 |  5.3
Spellcasting   | 3 |  3.2
Fighting       | 1 |  1.5

Action                   |  1- 3 |  4- 6 || total
-------------------------+-------+-------++-------
Melee: Spear             |    55 |    65 ||   120
       Tailslap          |     1 |     2 ||     3
 Cast: Magic Dart        |    17 |     6 ||    23
       Searing Ray       |       |    14 ||    14
  Use: Potion            |       |     2 ||     2
 Stab: Sleeping          |     2 |     4 ||     6
  Eat: Chunk             |     6 |    13 ||    19
Armor: Skin              |    10 |    18 ||    28
Dodge: Dodged            |    31 |    31 ||    62
